 Dungeon Crawl Stone Soup version 0.29.1-15-g9cfb28693d (webtiles) character file.

Game seed: 8717196744633368325

28 raph the Stinger (level 3, 0/19 HPs)
             Began as a Deep Elf Venom Mage on Mar 19, 2023.
             Slain by Crazy Yiuf
             ... wielding a +2 quarterstaff of chaos
              (8 damage)
             ... on level 2 of the Dungeon.
             The game lasted 00:02:15 (1576 turns).

raph the Stinger (Deep Elf Venom Mage)              Turns: 1576, Time: 00:02:16

Health: 0/19       AC:  5    Str:  5    XL:     3   Next: 0%
Magic:  9/9        EV: 12    Int: 21    God:
Gold:   61         SH:  0    Dex: 15    Spells: 2/8 levels left

rFire   . . .      SeeInvis .   (no weapon)
rCold   . . .      Faith    .   (no shield)
rNeg    . . .      Spirit   .   a - +0 robe
rPois   +          Reflect  .   (no helmet)
rElec   .          Harm     .   g - +2 cloak {rPois}
rCorr   .          Rampage  .   (no gloves)
Will    .....                   (no boots)
Stlth   ++........              (no amulet)
HPRegen 0.06/turn               (no ring)
MPRegen 0.11/turn               (no ring)

@: no status effects
A: no striking features
a: no special abilities


You were on level 2 of the Dungeon.
You visited 1 branch of the dungeon, and saw 2 of its levels.

You collected 61 gold pieces.

Inventory:

Armour
 a - a +0 robe (worn)
 g - a +2 cloak of poison resistance (worn)
Scrolls
 i - a scroll of identify
 j - a scroll of teleportation
Potions
 b - a potion of magic
 c - a potion of haste
 d - a potion of ambrosia {unknown}
 e - a potion of lignification
 f - 3 potions of mutation
 h - a potion of attraction {unknown}


   Skills:
 - Level 2.4 Dodging
 - Level 2.4 Stealth
 - Level 3.0 Spellcasting
 - Level 1.1 Transmutations
 + Level 4.6 Poison Magic


You had 2 spell levels left.
You knew the following spells:

 Your Spells              Type           Power      Damage    Failure   Level
a - Sting                 Tmut/Pois      60%        1d6       4%          1
b - Poisonous Vapours     Pois/Air       24%        N/A       8%          2
c - Mephitic Cloud        Conj/Pois/Air  9%         N/A       22%         3

Your spell library contained the following spells:

 Spells                   Type           Power      Damage    Failure   Level
 Shock                    Conj/Air       12%        1d3       13%         1
 Olgreb's Toxic Radiance  Pois           22%        N/A       21%         4
 Confusing Touch          Hex            3%         N/A       36%         3
 Enfeeble                 Hex            1%         N/A       100%        7


Dungeon Overview and Level Annotations

Branches:
Dungeon (2/15)

Altars:

Annotations:
D:2 Crazy Yiuf


Message History

You finish memorising.
Spell assigned to 'c'.
i - a scroll of identify
j - a scroll of teleportation You start resting.
Magic restored.
Found a club.
Found a stone staircase leading down.
As you read the scroll of identify, it crumbles to dust.
c - a potion of haste
As you read the scroll labelled ROET JAGIFUF, it crumbles to dust.
You assume a fearsome visage.
Nothing appears to happen.
It was a scroll of fear.
As you read the scroll labelled QIAKHI FIYM, it crumbles to dust.
It is a scroll of amnesia.
Really abort (and waste the scroll)?
Okay, then.
Found an escape hatch in the floor.
You now have 61 gold pieces (gained 4).
d - a white potion;
f - 3 potions of mutation (gained 1)
Found a scale mail.
You see here a +2 cloak of poison resistance.
You see here a +2 cloak of poison resistance.
g - a +2 cloak of poison resistance You start putting on your armour.
You continue putting on your +2 cloak of poison resistance. x4
You finish putting on your +2 cloak of poison resistance.
You feel resistant to poison.
You see here a +0 scale mail.
i - a scroll of identify You open the door.
Found a hammer.
Found a runed translucent door.
Crazy Yiuf shouts!
Crazy Yiuf grits, "You bag shoe!"
You open the door.
Crazy Yiuf says, "Crazy?
Crazy!?
PORCUPINE!"
Crazy Yiuf attacks as you move away!
Crazy Yiuf hits you with a +2 quarterstaff of chaos!
Ouch! That really hurt!
Crazy Yiuf attacks as you move away!
Crazy Yiuf hits you with a +2 quarterstaff of chaos!
You die...

......# ......#
......# ......#
.###### ...#
##.## ########
##..## ###
###g#..+.##
.....#
#...##..#@P....##
.##.<#
#...'.####PP....#
##...# #)..###
##P'...# ...#.#
### ####..#
####.# #.## #.#
#.# #.## #.#
#..## #.# ##[.#
#.#


You could see Crazy Yiuf.

Vanquished Creatures
  A worm (D:2)
  A dart slug (D:1)
  7 ball pythons
  3 endoplasms
  3 goblins (D:1)
  3 hobgoblins (D:1)
  A kobold (D:1)
  2 rats
21 creatures vanquished.

Notes
Turn   | Place    | Note
-------+----------+-------------------------------------------
     0 | D:1      | raph the Deep Elf Venom Mage began the quest for the Orb.
     0 | D:1      | Reached XP level 1. HP: 10/10 MP: 6/6
   156 | D:1      | Reached skill level 4 in Poison Magic
   156 | D:1      | Reached XP level 2. HP: 15/15 MP: 6/8
   306 | D:1      | Learned a level 2 spell: Poisonous Vapours
   638 | D:1      | Found a faded altar of an unknown god.
  1041 | D:2      | Got the Cyclopedia of Forceful Jinxing
  1347 | D:2      | Reached XP level 3. HP: 19/19 MP: 6/9
  1351 | D:2      | Learned a level 3 spell: Mephitic Cloud
  1567 | D:2      | Found a runed translucent door.
  1568 | D:2      | Noticed Crazy Yiuf
  1576 | D:2      | Slain by Crazy Yiuf

Illustrated notes

Levels and vault maps discovered:
D:1:      nicolae_arrival_washed_ashore, layout_basic,
          dreamdust_ecumenical_altar_angels_and_demons
D:2:      layout_rooms, uniq_crazy_yiuf_cottage

Skill      XL: |  1 |
---------------+----+-----
Poison Magic   | 4 |  4.6
Dodging        | |  2.4
Stealth        | |  2.4
Spellcasting   | |  3.0
Transmutations | |  1.1

Action                   || total
-------------------------++-------
Melee: Unarmed           ||     5
 Cast: Sting             ||    24
       Poisonous Vapours ||    14
  Use: Scroll            ||     7
Armor: Robe              ||     1
Dodge: Dodged            ||     6
